 Dungeon Crawl Stone Soup version 0.31-a0-818-ge7c7cf74f0 (webtiles) character file.

Game seed: 15546222149655962577

150913 Pooter the Severer (level 16, 0/140 (141) HPs)
             Began as a Minotaur Berserker on Sept 20, 2023.
             Was an Elder of Trog.
             Slain by a nine-headed hydra (15 damage)
             ... on level 13 of the Dungeon on Sept 22, 2023.
             The game lasted 02:34:16 (35236 turns).

Pooter the Severer (Minotaur Berserker)            Turns: 35236, Time: 02:34:17

HP:   0/140 (141)   AC: 29    Str: 27    XL:     16   Next: 99%
MP:   15/15         EV: 16    Int:  9    God:    Trog [****..]
Gold: 1123          SH:  5    Dex: 12    Spells: 15/15 levels left

rFire   . . .        Z - +0 broad axe "Felif" {heavy, +Blink Str-5 Int+3 SInv}
rCold   . . .        (no shield)
rNeg    . . .        c - +5 plate armour
rPois   +            G - +2 hat
rElec   .            F - +2 cloak {rPois}
rCorr   .            (no gloves)
SInv    +            Q - +2 pair of boots {Stlth+}
Will    +++..        q - amulet of reflection Stlth
                     E - +6 ring of strength
HPRegen 1.43/turn    B - +5 ring of evasion
MPRegen 0.14/turn

%: reflection
@: strong-willed, on berserk cooldown, regenerating, slowed, lightly drained,
very slow
A: horns 2, retaliatory headbutt
a: Renounce Religion, Evoke Blink, Berserk, Trog's Hand, Brothers in Arms


You were on level 13 of the Dungeon.
You worshipped Trog.
Trog was greatly pleased with you.
You visited 3 branches of the dungeon, and saw 22 of its levels.
You also visited: Gauntlet and Ice Cave.

You collected 2178 gold pieces.
You spent 1055 gold pieces at shops.

Inventory:

Hand Weapons
 a - a +3 vampiric battleaxe
   (You took it off a vault guard on level 14 of the Dungeon)
 b - a +0 heavy arbalest
   (You took it off a tengu warrior in a Gauntlet)
 y - a +0 heavy war axe
   (You took it off a tengu warrior in a Gauntlet)
 J - a +2 halberd of flaming
   (You took it off Maggie on level 8 of the Dungeon)
 L - a +3 great mace
   (You took it off a tengu warrior on level 8 of the Dungeon)
 X - a +1 demon whip of venom
   (You took it off Amaemon on level 1 of the Orcish Mines)
 Z - the +0 broad axe "Felif" (weapon) {heavy, +Blink Str-5 Int+3 SInv}
   (You acquired it on level 3 of the Dungeon)

   Str-5:     It affects your strength (-5).
   Int+3:     It affects your intelligence (+3).
   SInv:      It lets you see invisible.
   +Blink:    It lets you blink.
Missiles
 v - 29 poisoned darts
 x - 4 throwing nets {!f}
 C - 17 boomerangs (quivered)
 H - 9 javelins
 U - 5 silver javelins
 V - 2 curare-tipped darts
Armour
 c - a +5 plate armour (worn)
   (You took it off an orc warrior on level 8 of the Dungeon)
 F - a +2 cloak of poison resistance (worn)
   (You found it on level 7 of the Dungeon)
 G - a +2 hat (worn)
   (You bought it in a shop on level 7 of the Dungeon)
 Q - a +2 pair of boots of stealth (worn)
   (You found it on level 4 of the Lair of Beasts)
Jewellery
 e - a ring of willpower
   (You found it on level 1 of the Dungeon)
 q - an amulet of reflection (around neck)
   (You found it on level 3 of the Dungeon)
 B - a +5 ring of evasion (right hand)
   (You bought it in a shop on level 2 of the Orcish Mines)
 E - a +6 ring of strength (left hand)
   (You found it on level 3 of the Lair of Beasts)
 I - the ring "Ziny" {rC+ Str+2}
   (You took it off a minotaur in a Gauntlet)

   [ring of protection from cold]

   Str+2:     It affects your strength (+2).
   rC+:       It protects you from cold.
 O - a ring of flight
   (You found it in an ice cave)
 P - a ring of poison resistance
   (You found it on level 3 of the Dungeon)
Wands
 d - a wand of iceblast (16)
   (You found it on level 5 of the Dungeon)
 f - a wand of flame (13)
   (You found it on level 15 of the Dungeon)
 M - a wand of charming (22)
   (You took it off Maurice on level 8 of the Dungeon)
 S - a wand of mindburst (27)
   (You found it on level 9 of the Dungeon)
 W - a wand of light (9)
   (You took it off Sonja on level 1 of the Lair of Beasts)
Scrolls
 i - 2 scrolls of identify {@r1}
 j - 2 scrolls of blinking
 n - 5 scrolls of vulnerability {!r}
 r - 2 scrolls of poison
 s - 3 scrolls of immolation {!r}
 t - 5 scrolls of teleportation {@r4}
 w - 3 scrolls of butterflies
 A - 2 scrolls of fear
 K - 3 scrolls of fog
 T - 2 scrolls of revelation
Potions
 g - 5 potions of haste {@q3}
 h - 13 potions of curing {@q1}
 k - 4 potions of resistance
 l - a potion of invisibility
 m - 5 potions of heal wounds {@q2}
 o - 2 potions of attraction {!q}
 p - 2 potions of might
 z - 2 potions of mutation {!q}
 D - a potion of enlightenment
 N - 3 potions of lignification {!q}
Miscellaneous
 R - a condenser vane
   (You found it in a Gauntlet)
 Y - a phantom mirror
   (You found it on level 8 of the Dungeon)


   Skills:
 + Level 12.5 Fighting
 - Level 20.0 Axes
 - Level 16.3 Ranged Weapons
 + Level 11.9 Armour
 + Level 10.8 Dodging
 - Level 2.5 Stealth
 + Level 9.2 Evocations


You had 15 spell levels left.
You didn't know any spells.
Your spell library was empty.

Dungeon Overview and Level Annotations

Branches:
Dungeon (15/15) Zot: 25718  Temple (0/1) D:5            Lair (5/5) D:8 Zot: 21299
  Swamp (0/4) Lair:2        Snake (0/4) Lair:2        Slime (0/5) Lair:4
    Orc (2/2) D:11 Zot: 2907     Elf (0/3) Orc:2        Vaults (0/5) D:14
 Depths (0/4) D:15          IceCv (visited)         Gauntlet (visited)

Altars:
Gozag
Makhleb
Qazlal
Ru
Xom
Jiyva

Shops:
D:1 :   D:2 ?   D:7 [   D:8 !   Orc:2 **:*(

Annotations:
D:13 1 transporter, Ughotol's ghost, journeyman MiFi


Innate Abilities, Weirdness & Mutations

You have a pair of horns on your head.
You reflexively headbutt those who attack you in melee.


Message History

The eight-headed hydra bites you but does no damage. x2
The eight-headed hydra bites you!!
* * * LOW HITPOINT WARNING * * *
The eight-headed hydra misses you.
The eight-headed hydra bites you but does no damage.
You block the eight-headed hydra's attack.
The eight-headed hydra completely misses you. x2
The redback closely misses you. You furiously retaliate!
You headbutt the redback!
Ughotol's ghost hits you but does no damage.
You hack one of the eight-headed hydra's heads off!
The seven-headed hydra grows two more!
You slice the nine-headed hydra!! You headbutt the nine-headed hydra!!
You chop the redback into pieces!!!
You kill the redback!
Trog accepts your kill.
You can now call in reinforcements.
You slash Ughotol's ghost! You slash the komodo dragon!
You block the komodo dragon's attack.
The moth of wrath angrily waves its antennae.
The nine-headed hydra bites you.
* * * LOW HITPOINT WARNING * * *
The nine-headed hydra bites you but does no damage. x2
The nine-headed hydra bites you.
* * * LOW HITPOINT WARNING * * *
The nine-headed hydra closely misses you.
The nine-headed hydra completely misses you.
The nine-headed hydra barely misses you.
The nine-headed hydra bites you but does no damage.
The nine-headed hydra bites you.
* * * LOW HITPOINT WARNING * * *
The komodo dragon attacks as it pursues you!
The komodo dragon barely misses you.
Ughotol's ghost attacks as it pursues you!
Ughotol's ghost misses you.
You feel a strong urge to attack something.
You are no longer berserk.
You are exhausted.
You feel yourself slow down.
The komodo dragon attacks as it pursues you!
The komodo dragon bites you!
* * * LOW HITPOINT WARNING * * *
The komodo dragon bites you!
* * * LOW HITPOINT WARNING * * *
Blink to where?
Press: ? - help, Dir - move target
As you read the scroll of blinking, it crumbles to dust.
The nine-headed hydra misses you.
The nine-headed hydra barely misses you.
The nine-headed hydra closely misses you.
The nine-headed hydra bites you!
You die...

..# #..# #.........# # ..# #..#
#.........# # ..#
#..########.>.......####### ..#
#..........................
..#####..........................
...............#..######..####..#
......###©####.....# #..# #..#
.....##.###..#####.## #..# #..#
....##......#...@#..# #..# #..#
..[.# ...#..W#lD.##.# #..# #..#
....#..##..#.Y....#.####..####..#
....#...#..©.y##..#..............
...##.#.....#†....#..............
##.#....###=..##.##.#.###########
#.##..#.$[!$/...#..#.# #..###.
#####..##.#..#
##...####.©.####....##


You could see a catoblepas (berserk), a nine-headed hydra (berserk), a moth of
wrath, a komodo dragon (berserk) and Ughotol's ghost.

Vanquished Creatures
  Rupert (Orc:1)
  Jorgrun (D:14)
  Frances (D:14)
  Roxanne (D:14)
  Donald (Orc:2)
  Nessos (Lair:4)
  A minotaur (Gauntlet)
  Snorg (D:13)
  An ettin (shapeshifter) (D:13)
  A rakshasa (D:15)
  The ghost of ratmeat3 the Grappler, a journeyman TrSh of Okawaru (D:10)
  Harold (Orc:1)
  6 hydras
  5 vault guards (D:14)
  An ogre mage (D:14)
  2 catoblepae
  A boulder beetle (Lair:2)
  Erica (D:9)
  4 centaur warriors
  6 two-headed ogres
  8 death yaks
  4 tengu warriors
  7 orc high priests (Orc:2)
  Sonja (Lair:1)
  Amaemon (Orc:1)
  A wretched star (Gauntlet)
  3 skeletal warriors (D:14)
  A skyshark (Lair:5)
  A goliath frog (Lair:5)
  The ghost of cforsyth the Fighter, a novice DjEn of Hepliaklqana (D:7)
  A glowing orange brain (D:15)
  A bog body (IceCv)
  2 deep elf archers (D:14)
  Pikel (D:8)
  An orb spider (shapeshifter) (D:15)
  A wizard (D:14)
  8 orc knights (Orc:2)
  A necromancer (IceCv)
  3 orc sorcerers
  2 manticores
  A wolf spider (D:13)
  6 ugly things
  4 cyclopes
  Maurice (D:8)
  4 black mambas
  9 elephants
  2 ice statues (IceCv)
  A gargoyle (D:13)
  An orange demon (D:11)
  2 torpor snails
  A minotaur zombie (Gauntlet)
  Maggie (D:8)
  22 cane toads
  2 kobold demonologists (D:10)
  An unseen horror (D:8)
  3 rime drakes
  2 efreet
  4 ice devils (IceCv)
  12 komodo dragons
  3 tengu conjurers
  An anaconda simulacrum (IceCv)
  3 trolls
  A hornet (D:10)
  A polar bear (Lair:2)
  3 tyrant leeches (Lair:5)
  A queen bee (shapeshifter) (D:14)
  Grinder (D:6)
  17 blink frogs
  6 dream sheep (Lair:4)
  A vampire (D:11)
  4 dire elephant simulacra (IceCv)
  18 slime creatures
  2 shadows
  6 wyverns
  A centaur simulacrum (D:14)
  38 yaks
  2 wraiths
  A water elemental (D:12)
  2 basilisks
  2 neqoxecs (Gauntlet)
  2 steam dragons
  A redback (D:13)
  3 wargs
  7 vampire mosquitoes
  3 harpy simulacra (IceCv)
  2 acid dragons
  2 hydra simulacra (IceCv)
  2 nagas (Lair:2)
  15 water moccasins
  A swamp drake (Lair:2)
  34 orc warriors
  5 sky beasts
  A black bear (D:4)
  10 ogres
  18 wolves
  4 centaurs
  4 kobold brigands
  A lemure (D:8)
  A phantom (D:6)
  26 bullfrogs
  4 gnoll sergeants
  A scorpion (D:6)
  A cane toad simulacrum (IceCv)
  7 wights
  A two-headed ogre simulacrum (IceCv)
  9 killer bees
  7 howler monkeys
  6 electric eels
  A small abomination (Gauntlet)
  4 jellies
  6 hounds
  22 orc priests
  A gnoll bouda (Orc:2)
  An iguana (D:7)
  5 sleepcaps
  18 orc wizards
  A troll simulacrum (IceCv)
  A polar bear simulacrum (IceCv)
  A spriggan simulacrum (IceCv)
  A wolf simulacrum (IceCv)
  28 gnolls
  9 adders
  A naga simulacrum (IceCv)
  2 shadow imps
  2 ufetubi
  3 worms
  69 orcs
  4 ball pythons
  3 bats
  6 endoplasms
  3 giant cockroaches
  11 goblins
  4 hobgoblins
  10 jackals
  11 kobolds
  2 quokkas
  A frilled lizard (D:3)
  7 rats
696 creatures vanquished.

Vanquished Creatures (collateral kills)
  A gnoll (Orc:2)
1 creature vanquished.

Vanquished Creatures (others)
  A wizard (D:14)
1 creature vanquished.

Grand Total: 698 creatures vanquished

Notes
Turn   | Place    | Note
-------+----------+-------------------------------------------
     0 | D:1      | Pooter the Minotaur Berserker began the quest for the Orb.
     0 | D:1      | Reached XP level 1. HP: 19/19 MP: 0/0
   104 | D:1      | Found Fenus's Book Shop.
   145 | D:1      | Reached skill level 4 in Axes
   175 | D:1      | Reached XP level 2. HP: 27/27 MP: 1/1
   963 | D:2      | Reached XP level 3. HP: 33/33 MP: 2/2
   975 | D:2      | Found Xyreip's Magic Scroll Shop.
  1289 | D:2      | Reached ** piety under Trog
  1349 | D:2      | Reached skill level 5 in Axes
  1801 | D:2      | Bought a scroll of immolation for 56 gold pieces
  1801 | D:2      | Bought a scroll of teleportation for 42 gold pieces
  1801 | D:2      | Bought a scroll of teleportation for 42 gold pieces
  2230 | D:2      | Bought a scroll of poison for 56 gold pieces
  2418 | D:3      | Reached XP level 4. HP: 41/41 MP: 3/3
  2495 | D:3      | Identified a scroll of acquirement
  2496 | D:3      | Acquired the +0 broad axe "Felif" {heavy, +Blink Str-5
                  | Int+3 SInv}
  2728 | D:4      | Reached skill level 6 in Axes
  2824 | D:4      | Reached XP level 5. HP: 47/47 MP: 4/4
  3017 | D:4      | Reached skill level 7 in Axes
  3341 | D:4      | Noticed a black bear
  3353 | D:4      | Killed a black bear
  3354 | D:4      | Reached skill level 8 in Axes
  3354 | D:4      | Reached XP level 6. HP: 53/53 MP: 5/5
  3607 | D:5      | Entered Level 5 of the Dungeon
  3743 | D:5      | Found a staircase to the Ecumenical Temple.
  3844 | D:5      | Reached skill level 9 in Axes
  3844 | D:5      | Reached XP level 7. HP: 60/60 MP: 6/6
  4112 | D:5      | Reached skill level 10 in Axes
  4228 | D:6      | Identified the amulet of Dawn {Faith *Corrode Int+8 Stlth+}
  4360 | D:6      | Reached *** piety under Trog
  4371 | D:6      | Reached skill level 11 in Axes
  4372 | D:6      | Reached XP level 8. HP: 22/67 MP: 7/7
  4789 | D:6      | Reached skill level 12 in Axes
  4985 | D:6      | Noticed Grinder
  4990 | D:6      | Paralysed by Grinder for 2 turns
  4994 | D:6      | Killed Grinder
  4995 | D:6      | Reached skill level 13 in Axes
  5146 | D:6      | Found a sacrificial altar of Ru.
  5147 | D:6      | Found a shimmering altar of Xom.
  5419 | D:7      | Found a transporter.
  5422 | D:7      | Noticed cforsyth's ghost (novice DjEn)
  5429 | D:7      | Found a transporter.
  5557 | D:7      | Reached XP level 9. HP: 59/72 MP: 8/8
  5559 | D:7      | Reached skill level 14 in Axes
  5786 | D:7      | Found Siewkefu's Antique Armour Emporium.
  5794 | D:7      | Bought a glowing hat for 203 gold pieces
  6169 | D:8      | Reached skill level 15 in Axes
  6386 | D:8      | Found a staircase to the Lair.
  6412 | D:8      | Noticed an unseen horror
  6415 | D:8      | Killed an unseen horror
  6416 | D:8      | Reached skill level 16 in Axes
  6420 | D:8      | Found Iluastru's Distillery.
  6427 | D:8      | Bought a potion of degeneration for 11 gold pieces
  6483 | D:8      | Reached skill level 1 in Ranged Weapons
  6522 | D:8      | Noticed a red ugly thing
  6522 | D:8      | Noticed a tengu warrior
  6526 | D:8      | Noticed an efreet
  6528 | D:8      | Killed a red ugly thing
  6531 | D:8      | Killed a tengu warrior
  6532 | D:8      | Reached XP level 10. HP: 42/80 MP: 9/9
  6761 | D:8      | Reached skill level 5 in Ranged Weapons
  6764 | D:8      | Noticed Maggie
  6766 | D:8      | Noticed Maurice
  6784 | D:8      | Killed Maurice
  6785 | D:8      | Reached skill level 17 in Axes
  6788 | D:8      | Killed Maggie
  6899 | D:8      | Found an opulent altar of Gozag.
  6907 | D:8      | Noticed Pikel
  6919 | D:8      | Killed Pikel
  7289 | D:8      | Reached **** piety under Trog
  7498 | D:9      | Noticed a two-headed ogre
  7526 | D:8      | Killed a two-headed ogre
  7588 | D:8      | Reached XP level 11. HP: 82/85 MP: 10/10
  7607 | D:9      | Reached skill level 18 in Axes
  7668 | D:9      | Noticed Erica
  7718 | D:9      | Killed Erica
  8131 | D:10     | Entered Level 10 of the Dungeon
  8164 | D:10     | Noticed a two-headed ogre
  8171 | D:10     | Killed a two-headed ogre
  8270 | D:10     | Noticed ratmeat3's ghost (journeyman TrSh)
  8273 | D:10     | Found a runed translucent door.
  8291 | D:10     | Noticed a soul eater
  8351 | D:10     | Noticed a two-headed ogre
  8354 | D:10     | Killed a two-headed ogre
  8356 | D:10     | Noticed a two-headed ogre
  8398 | D:10     | Killed a two-headed ogre
  8545 | D:10     | Noticed a two-headed ogre
  8563 | D:10     | Killed a two-headed ogre
  8801 | D:10     | Reached skill level 10 in Ranged Weapons
  8985 | D:10     | Reached skill level 19 in Axes
  9139 | D:10     | Killed ratmeat3's ghost
  9241 | Lair:1   | Entered Level 1 of the Lair of Beasts
  9346 | Lair:1   | Noticed a catoblepas
  9360 | Lair:1   | Killed a catoblepas
  9374 | Lair:1   | Noticed Sonja
  9390 | Lair:1   | Killed Sonja
  9391 | Lair:1   | Reached XP level 12. HP: 89/92 MP: 11/11
  9881 | Lair:1   | Identified the +0 falchion of the Baking Jester {elec,
                  | *Slow rPois rC+ Int+5}
 10280 | Lair:1   | Noticed a death yak
 10281 | Lair:1   | Noticed a death yak
 10293 | Lair:1   | Killed a death yak
 10297 | Lair:1   | Killed a death yak
 10298 | Lair:1   | Reached skill level 20 in Axes
 10753 | Lair:2   | Found a staircase to the Swamp.
 10772 | Lair:2   | Reached skill level 1 in Evocations
 10817 | Lair:2   | Reached skill level 5 in Fighting
 10851 | Lair:2   | Noticed a five-headed hydra
 10992 | Lair:2   | Found a gate leading to a gauntlet.
 11001 | Gauntlet | Entered a Gauntlet
 11001 | Gauntlet | Found a transporter.
 11001 | Gauntlet | Found a transporter.
 11001 | Gauntlet | Found a transporter.
 11012 | Gauntlet | Found a transporter.
 11097 | Gauntlet | Noticed a tengu warrior
 11398 | Gauntlet | Found a transporter.
 11398 | Gauntlet | Found a transporter.
 11408 | Gauntlet | Killed a tengu warrior
 11452 | Gauntlet | Identified the +3 falchion "Ehi Xaqi" {heavy, *Rage Str+4
                  | Int+4 Stlth+}
 11511 | Gauntlet | Found a transporter.
 11523 | Gauntlet | Identified the ring "Ileromitul" {Fire Int+3 Dex+3}
 11556 | Gauntlet | Found a transporter.
 11568 | Gauntlet | Identified the ring "Ziny" {rC+ Str+2}
 11568 | Gauntlet | Noticed a minotaur
 11574 | Gauntlet | Killed a minotaur
 11575 | Gauntlet | Reached XP level 13. HP: 99/99 MP: 12/12
 11630 | Gauntlet | Reached skill level 5 in Armour
 11691 | Lair:2   | Found a staircase to the Snake Pit.
 11940 | Lair:2   | Identified the +12 chain mail "Kaef" {rF+}
 13205 | Lair:3   | Upgraded the game from 0.31-a0-806-g0bc164a743 to
                  | 0.31-a0-810-ga77100ea1a
 13218 | Lair:3   | Reached skill level 5 in Dodging
 14858 | Lair:4   | Noticed Nessos
 14867 | Lair:4   | Killed Nessos
 15224 | D:8      | Bought a potion of might for 44 gold pieces
 15224 | D:8      | Bought 2 potions of curing for 66 gold pieces
 15421 | Lair:4   | Found a viscous altar of Jiyva.
 15427 | Lair:4   | Found a staircase to the Slime Pits.
 15987 | Lair:5   | Entered Level 5 of the Lair of Beasts
 16383 | Lair:5   | Reached skill level 5 in Evocations
 16383 | Lair:5   | Reached XP level 14. HP: 116/116 MP: 13/13
 16704 | Lair:5   | Reached ***** piety under Trog
 16868 | Lair:5   | Reached skill level 15 in Ranged Weapons
 16980 | Lair:5   | Identified the staff "Bofuocw" {rElec rN++ Str+3 Int-5
                  | Conj}
 18792 | D:11     | Found a staircase to the Orcish Mines.
 18828 | Orc:1    | Entered Level 1 of the Orcish Mines
 18897 | Orc:2    | Entered Level 2 of the Orcish Mines
 18897 | Orc:2    | Found a staircase to the Elven Halls.
 18901 | Orc:1    | Paralysed by an orc sorcerer for 5 turns
 19456 | Orc:2    | Found Enol's Overcharged Wands.
 19694 | Orc:1    | Received a gift from Trog
 19902 | Orc:1    | Noticed Harold
 19907 | Orc:1    | Killed Harold
 20133 | Orc:2    | Noticed Donald
 20151 | Orc:2    | Killed Donald
 20534 | Orc:2    | Noticed Rupert
 20548 | Orc:2    | Paralysed by Rupert for 3 turns
 20568 | Orc:1    | Killed Rupert
 23775 | Orc:2    | Reached skill level 10 in Fighting
 26347 | Orc:2    | Reached XP level 15. HP: 115/127 MP: 14/14
 27112 | Orc:2    | Found Tidiyf's Book Emporium.
 27112 | Orc:2    | Found Agomisso's Assorted Antiques.
 27113 | Orc:2    | Found Wuze's Weapon Emporium.
 27113 | Orc:2    | Found Isuareer's General Store.
 27124 | Orc:2    | Bought an emerald ring for 120 gold pieces
 27124 | Orc:2    | Bought a scroll of identify for 48 gold pieces
 27447 | D:2      | Bought a scroll of teleportation for 42 gold pieces
 27736 | Orc:2    | Bought a wand of mindburst (8) for 168 gold pieces
 27736 | Orc:2    | Bought a potion of curing for 45 gold pieces
 27736 | Orc:2    | Bought a scroll of enchant armour for 112 gold pieces
 27908 | D:11     | Noticed Amaemon
 28232 | Orc:1    | Killed Amaemon
 28630 | D:11     | Found a burning altar of Makhleb.
 28972 | D:12     | Upgraded the game from 0.31-a0-810-ga77100ea1a to
                  | 0.31-a0-818-ge7c7cf74f0
 28984 | D:12     | Found a frozen archway.
 28986 | D:12     | Reached skill level 10 in Armour
 29019 | IceCv    | Entered an ice cave
 31729 | D:13     | Found a transporter.
 31749 | D:13     | Found a transporter.
 31755 | D:13     | Noticed Ughotol's ghost (journeyman MiFi)
 31772 | D:13     | Noticed Snorg
 31775 | D:13     | Killed Snorg
 32173 | D:14     | Noticed Roxanne
 32195 | D:14     | Killed Roxanne
 32364 | D:14     | Noticed Frances
 32376 | D:14     | Killed Frances
 32586 | D:14     | Reached skill level 10 in Dodging
 33170 | D:14     | Reached XP level 16. HP: 139/139 MP: 15/15
 33274 | D:14     | Found a gate to the Vaults.
 33508 | D:14     | Noticed Jorgrun
 33529 | D:14     | Killed Jorgrun
 33946 | D:15     | Entered Level 15 of the Dungeon
 34217 | D:15     | Found a stormy altar of Qazlal.
 34349 | D:15     | Found a staircase to the Depths.
 35044 | D:7      | Killed cforsyth's ghost
 35236 | D:13     | Slain by a nine-headed hydra

Illustrated notes

Levels and vault maps discovered:
D:1:      dpeg_arrival_arbitrary_b, layout_loops_cross, serial_shops, shop,
          minmay_door_square, hangedman_decor_opposing,
          nicolae_concentric_dashed_squares_mild
D:2:      layout_basic, serial_shops, nicolae_shop_crystal,
          minmay_misc_feat_tower
D:3:      layout_loops_corners, kennysheep_path_1, minmay_misc_feat_more_columns
D:4:      layout_basic, nrook_loot_triangle
D:5:      layout_rooms, minmay_temple_entry_sparse_star,
          minmay_tree_intersection, minmay_fractal_squares_gapless_5
D:6:      layout_cave_pods, mainiacjoe_overflow_divided_tiny,
          due_unseen_surprise, uniq_grinder
D:7:      layout_rooms, serial_shops, shop, gammafunk_ghost_arena, minivault_5
D:8:      nzn_winding_woodlands_cross [nzn_winding_woodlands_5x15_jagged,
          nzn_winding_woodlands_5x15_longhouse, nzn_winding_woodlands_5x15_pool,
          nzn_winding_woodlands_5x15_cabin,
          nzn_winding_woodlands_15x15_boxy_spiral], layout_basic,
          lemuel_doored_altar, lair_entry_dummy, serial_shops, shop, uniq_pikel,
          uniq_maggie, uniq_maurice
D:9:      layout_rooms, uniq_erica
D:10:     layout_basic, hellmonk_ghost_happy_afterlife, st_stairs_12
D:11:     layout_big_octagon, orc_0_dummy, makhleb_altar_promises_db,
          uniq_amaemon
D:12:     layout_basic, portal_ice_cave_rime, minmay_variable_closet
D:13:     layout_small_grid, gammafunk_ghost_berserking_beasts, uniq_snorg
D:14:     layout_roguey, grunt_vaults_entry_fortified,
          hangedman_abyss_or_decor_stagger, uniq_jorgrun, uniq_frances,
          uniq_roxanne
D:15:     gammafunk_enter_depths_forms, layout_gridville,
          nicolae_qazlal_style_of_elements
Lair:1:   layout_loops_ring, uniq_sonja
Lair:2:   layout_long_grid, minmay_swamp_entry_reptiles,
          guppyfry_snake_entry_island, gauntlet_entry_generic
Lair:3:   layout_cave_pods, grunt_megastairs_4, lemuel_fruit_tree
Lair:4:   layout_cave_pods, minmay_slime_entry_pillars, serial_bayou_shore_a,
          grunt_megastairs_2, lemuel_fruit_fields, infiniplex_staircase_pool,
          uniq_nessos
Lair:5:   minmay_lair_end_frog_pond, layout_layer_cave, minivault_26
Orc:1:    layout_caves, mines4_lemuel, uniq_harold
Orc:2:    st_orc_pillars, layout_caves, basic_altar, nicolae_orc_rockfall,
          nicolae_shop_overcharged_wands, uniq_donald, uniq_rupert

Skill      XL: |  1  2  3  4  5  6  7  8  9 10 11 12 13 14 15 16 |
---------------+-------------------------------------------------+-----
Axes           | 4 5 6 8 9 11 13 16 17 19 20 | 20.0
Fighting       | 4 6 8 10 11 12 | 12.5
Ranged Weapons | 4 7 11 13 14 16 | 16.3
Armour         | 4 7 9 11 | 11.9
Evocations     | 3 5 6 8 9 |  9.2
Dodging        | 4 6 8 10 | 10.8
Stealth        | 2 |  2.5

Action                     |  1- 3 |  4- 6 |  7- 9 | 10-12 | 13-15 | 16-18 || total
---------------------------+-------+-------+-------+-------+-------+-------++-------
  Melee: Hand axe          |   105 |     1 |       |       |       |       ||   106
         Headbutt          |    20 |     5 |    12 |    67 |   162 |    28 ||   294
         Broad axe         |       |    57 |   123 |   328 |   674 |    97 ||  1279
         Punch             |       |     1 |       |     3 |    11 |     2 ||    17
         Halberd           |       |       |       |       |    10 |       ||    10
         Great mace        |       |       |       |       |     9 |       ||     9
         Battleaxe         |       |       |       |       |       |    17 ||    17
   Fire: Sling             |    12 |    59 |    36 |       |       |       ||   107
         Orcbow            |       |       |       |    60 |       |       ||    60
         Arbalest          |       |       |       |       |   453 |    13 ||   466
  Throw: Stone             |       |     1 |     1 |       |       |       ||     2
         Dart              |       |       |     2 |     7 |    18 |       ||    27
         Boomerang         |       |       |       |     2 |     4 |       ||     6
 Invoke: Berserk           |     1 |     2 |     4 |    13 |    21 |     2 ||    43
         Trog's Hand       |       |       |     3 |    15 |    28 |     4 ||    50
         Brothers in Arms  |       |       |       |       |       |     1 ||     1
  Evoke: Wand              |       |       |     4 |    11 |    16 |     1 ||    32
         Phantom mirror    |       |       |       |       |     1 |       ||     1
    Use: Scroll            |     2 |     5 |       |    12 |    23 |     3 ||    45
         Potion            |       |       |       |       |     5 |       ||     5
   Stab: Distracted        |       |       |     1 |       |       |       ||     1
         Petrifying        |       |       |       |       |       |     1 ||     1
         Petrified         |       |       |       |       |       |     1 ||     1
 Armour: Chain mail        |    70 |    63 |   137 |     3 |       |       ||   273
         Animal skin       |     5 |       |       |       |       |       ||     5
         Scale mail        |       |       |       |   158 |       |       ||   158
         Plate armour      |       |       |       |   153 |   658 |   120 ||   931
  Dodge: Dodged            |    47 |    40 |    41 |   133 |   344 |    80 ||   685
  Block: Other             |     2 |    22 |       |    52 |   164 |    26 ||   266
         Reflection        |       |     1 |     1 |     2 |     9 |     2 ||    15
         Buckler           |       |    14 |    65 |    36 |       |       ||   115

Table legend: (Time is in decaauts)
 A = Elapsed time spent in this place.
 B = Non-inter-level travel time spent in this place.
 C = Inter-level travel time spent in this place.
 D = Time resting spent in this place.
 E = Time spent auto-exploring this place.
 F = Levels seen in this place.
 G = Mean time per level.
                   A        B        C        D        E       F      G
               +--------+--------+--------+--------+--------+-----+--------+
         Total |  36085 |  33872 |   2213 |  14683 |  13642 |  24 | 1503.5 |
       Dungeon |  16247 |  14671 |   1576 |   3184 |   8727 |  15 | 1083.1 |
          Lair |   8700 |   8256 |    444 |   2838 |   4041 |   5 | 1740.0 |
  Orcish Mines |   9092 |   8899 |    193 |   7150 |    785 |   2 | 4546.0 |
      Ice Cave |   1360 |   1360 |      0 |   1051 |      0 |   1 | 1360.0 |
      Gauntlet |    685 |    685 |      0 |    459 |     88 |   1 |  685.0 |
               +--------+--------+--------+--------+--------+-----+--------+

Top non-repeatable levels by time:
   Orc:2: 7678 daAuts
  Lair:5: 2080 daAuts
  Lair:3: 1942 daAuts
  Lair:4: 1898 daAuts
    D:14: 1856 daAuts
     D:8: 1678 daAuts
  Lair:1: 1586 daAuts
   Orc:1: 1414 daAuts
   IceCv: 1360 daAuts
    D:12: 1295 daAuts
     D:6: 1246 daAuts
    D:10: 1204 daAuts
  Lair:2: 1192 daAuts
     D:3: 1179 daAuts
    D:11: 1171 daAuts
